 Dungeon Crawl Stone Soup version 0.30-a0-54-g2e61a25929 (webtiles) character file.

Game seed: 16177277246537760438

7249 jlumianski the Slicer (level 10, 0/76 HPs)
             Began as a Demonspawn Gladiator on Sept 8, 2022.
             Was a High Priest of Okawaru.
             Slain by a komodo dragon (24 damage)
             ... on level 10 of the Dungeon.
             The game lasted 00:36:48 (11768 turns).

jlumianski the Slicer (Demonspawn Gladiator)       Turns: 11768, Time: 00:36:49

Health: 0/76       AC: 16    Str: 37    XL:     10   Next: 88%
Magic:  14/14      EV: 15    Int:  8    God:    Okawaru [*****.]
Gold:   721        SH:  0    Dex: 21    Spells: 9/9 levels left

rFire   . . .      SeeInvis .    v - +3 rapier of Springtime {flame, +Blink rPois rCorr Str+5}
rCold   . . .      Faith    .    (no shield)
rNeg    . . .      Spirit   .    M - +3 scale mail {Will+}
rPois   +          Reflect  .    c - +0 helmet
rElec   .          Harm     .    F - +2 cloak
rCorr   +          Rampage  .    O - +0 pair of gloves
Will    +....                    (no boots)
Stlth   +.........               (no amulet)
HPRegen 0.22/turn                f - +6 ring of strength
MPRegen 0.14/turn                m - +6 ring of strength

@: no status effects
A: repulsion field 1, foul stench 1, powered by pain 2, weakness stinger 2,
agile 2, strong 1
a: Renounce Religion, Evoke Blink, Heroism, Finesse, Duel


You were on level 10 of the Dungeon.
You worshipped Okawaru.
Okawaru was extremely pleased with you.
You visited 1 branch of the dungeon, and saw 11 of its levels.

You collected 721 gold pieces.

Inventory:

Hand Weapons
 a - a +0 war axe
 t - a +0 whip of electrocution
 v - the +3 rapier of Springtime (weapon) {flame, +Blink rPois rCorr Str+5}
   (You found it on level 3 of the Dungeon)

   It burns those it strikes, dealing additional fire damage.
   Str:       It affects your strength (+5).
   rPois:     It protects you from poison.
   +Blink:    It lets you blink.
   rCorr:     It protects you from acid and corrosion.
 E - a +2 quarterstaff of chaos
 I - a +3 war axe
Missiles
 d - 5 throwing nets
 e - a javelin
 j - 47 poisoned darts (quivered)
 s - 114 stones
 L - a curare-tipped dart
 R - 4 boomerangs
Armour
 b - a +0 leather armour
 c - a +0 helmet (worn)
 i - a +0 ring mail
 q - a +0 plate armour
 r - a +0 cloak
 F - a +2 cloak (worn)
 M - a +3 scale mail of willpower (worn)
 O - a +0 pair of gloves (worn)
Magical Staves
 B - a staff of conjuration
Jewellery
 f - a +6 ring of strength (left hand)
 g - a ring of protection from cold
 k - a ring of resist corrosion
 m - a +6 ring of strength (right hand)
 C - a +4 ring of evasion
 G - a ring of positive energy
Wands
 y - a wand of polymorph (3)
 A - a wand of mindburst (11)
Scrolls
 l - a scroll of fear
 o - 2 scrolls of enchant weapon
 w - a scroll of teleportation
 x - 3 scrolls of amnesia
 P - a scroll of blinking {unknown}
Potions
 h - 3 potions of degeneration
 n - 2 potions of lignification
 p - 2 potions of brilliance
 u - 2 potions of might
 z - 3 potions of resistance
 D - 3 potions of curing
 H - a potion of ambrosia
 J - 3 potions of mutation
 N - 2 potions of heal wounds
 Q - a potion of flight {unknown}
 S - a potion of attraction {unknown}
Miscellaneous
 K - a tin of tremorstones (inert)


   Skills:
 + Level 6.1 Fighting
 + Level 8.7 Short Blades
 + Level 4.8 Axes
 + Level 4.4 Throwing
 + Level 7.3 Armour
 + Level 3.5 Dodging
 + Level 0.5 Stealth
 * Level 6.3 Invocations
 * Level 4.3 Evocations


You had 9 spell levels left.
You didn't know any spells.
Your spell library contained the following spells:

 Spells                   Type           Power      Damage    Failure   Level
 Apportation              Tloc           0%         N/A       58%         1
 Beastly Appendage        Tmut           0%         N/A       58%         1
 Wereblood                Tmut           0%         N/A       73%         2
 Portal Projectile        Hex/Tloc       0%         N/A       91%         3
 Spider Form              Tmut/Pois      0%         N/A       91%         3
 Corpse Rot               Necr/Pois/Air  0%         N/A       100%        4
 Dispel Undead            Necr           0%         3d6       100%        4
 Leda's Liquefaction      Hex/Erth       0%         N/A       100%        4
 Alistair's Intoxication  Tmut/Pois      0%         N/A       100%        5
 Call Canine Familiar     Summ           Unusable   N/A       N/A         3
 Death Channel            Necr           Unusable   N/A       N/A         6

Dungeon Overview and Level Annotations

Branches:
Dungeon (11/15)            Temple (0/1) D:7            Lair (0/5) D:8
    Orc: D:9-12

Altars:
Okawaru


Innate Abilities, Weirdness & Mutations

You are surrounded by a mild repulsion field. (EV +2)
You may rarely emit foul miasma when damaged in melee.
You sometimes gain power by taking damage.
You have a tail ending in a sharp stinger.
You are very agile. (Dex +8, Str/Int -2)
Your muscles are strong. (Str +4, Int/Dex -1)


Message History

Things that are here:
a +0 giant spiked club; a +0 robe; the ogre corpse of Erolcha The centaur wields a +0 shortbow.
The centaur shoots an arrow.
The arrow closely misses you.
The centaur shoots an arrow.
The arrow closely misses you.
The centaur shoots an arrow.
The arrow misses you.
Found 16 gold pieces.
The centaur unwields a +0 shortbow.
The centaur completely misses you. The centaur barely misses you.
The centaur misses you.
The centaur kicks you but does no damage.
You puncture the centaur! You burn the centaur.
The centaur is severely wounded.
You closely miss the centaur.
The centaur is severely wounded.
You puncture the centaur! You burn the centaur.
You kill the centaur!
Okawaru accepts your kill.
Things that are here:
a +0 shortbow; a centaur corpse You now have 721 gold pieces (gained 16).
Your hands slow down.
You feel like a meek peon again.
Found a scroll of enchant weapon.
o - 2 scrolls of enchant weapon (gained 1)
A komodo dragon comes into view.
The komodo dragon hisses angrily.
The komodo dragon hisses menacingly.
The komodo dragon bites you.
You barely miss the komodo dragon. The komodo dragon bites you!!
You hit the komodo dragon but do no damage.
The komodo dragon closely misses you.
You hit the komodo dragon. You burn the komodo dragon.
The komodo dragon is lightly wounded.
The komodo dragon bites you.
You hit the komodo dragon but do no damage.
The komodo dragon is lightly wounded.
You hit the komodo dragon. You burn the komodo dragon.
The komodo dragon is moderately wounded.
The komodo dragon bites you!!
You die...

#. #. ###
#. #.. #.
#.# #.
#.# #.
#.#
########.
#@#
#........
#l# #
#.######.
#.##.#
#.# ##
#....#
#.#
#.####
#.# #.#
#.# #.#
#.# #.#
#.# #.#
#.#


You could see a komodo dragon.

Vanquished Creatures
  Erolcha (D:10)
  Harold (D:9)
  Pikel (D:5)
  Joseph (D:8)
  3 wyverns
  Eustachio (D:6)
  A water moccasin (D:6)
  Duvessa (D:7)
  2 black bears
  2 orc warriors
  4 ice beasts
  2 sky beasts
  3 ogres
  6 centaurs
  3 lemures (D:4)
  3 kobold brigands
  A phantom (D:5)
  2 bullfrogs
  A necrophage (D:5)
  2 scorpions (D:5)
  A gnoll sergeant (D:9)
  25 wights
  Dowan (D:7)
  6 howler monkeys
  3 jellies
  3 orc priests
  Crazy Yiuf (D:5)
  3 hounds
  3 iguanas
  An orc wizard (D:4)
  7 adders
  8 gnolls
  A white imp (D:7)
  An ufetubus (D:4)
  A worm (D:4)
  A dart slug (D:1)
  19 orcs
  6 bats
  4 endoplasms
  5 giant cockroaches
  5 goblins
  8 hobgoblins
  4 jackals
  2 quokkas
  7 ball pythons
  4 frilled lizards
  20 kobolds
  6 rats
197 creatures vanquished.

Notes
Turn   | Place    | Note
-------+----------+-------------------------------------------
     0 | D:1      | jlumianski the Demonspawn Gladiator began the quest for the
                  | Orb.
     0 | D:1      | Reached XP level 1. HP: 16/16 MP: 1/1
   291 | D:1      | Gained mutation: You sometimes gain a little power by
                  | taking damage. [demonic ancestry]
   291 | D:1      | Reached XP level 2. HP: 12/22 MP: 2/2
  1054 | D:1      | Gained mutation: You have a small tail. [demonic ancestry]
  1054 | D:1      | Reached XP level 3. HP: 27/27 MP: 3/3
  1657 | D:2      | Found a faded altar of an unknown god.
  1749 | D:3      | Found an iron altar of Okawaru.
  1800 | D:2      | Gained mutation: You occasionally lose the ability to drink
                  | potions when taking damage. [potion of mutation]
  1801 | D:2      | Lost mutation: You occasionally lose the ability to drink
                  | potions when taking damage. [potion of mutation]
  1801 | D:2      | Gained mutation: You have hidden genetic potential. [potion
                  | of mutation]
  1801 | D:2      | Gained mutation: You are agile. (Dex +4, Str/Int -1)
                  | [potion of mutation]
  2500 | D:3      | Identified the +3 rapier of Springtime {flame, +Blink rPois
                  | rCorr Str+5}
  2524 | D:3      | Gained mutation: You have a tail ending in a sharp stinger.
                  | [demonic ancestry]
  2524 | D:3      | Reached XP level 4. HP: 33/33 MP: 4/4
  3043 | D:3      | Became a worshipper of Warmaster Okawaru
  3152 | D:4      | You fall into a shaft and drop 1 floor!
  3152 | D:5      | Entered Level 5 of the Dungeon
  3155 | D:5      | Noticed a phantom
  3161 | D:5      | Killed a phantom
  3162 | D:5      | Reached skill level 1 in Armour
  3162 | D:5      | Gained mutation: You may rarely emit foul miasma when
                  | damaged in melee. [demonic ancestry]
  3162 | D:5      | Reached XP level 5. HP: 39/39 MP: 5/5
  3174 | D:5      | Gained mutation: Your muscles are strong. (Str +4, Int/Dex
                  | -1) [hidden potential]
  3297 | D:4      | Noticed an ogre
  3308 | D:4      | Killed an ogre
  3309 | D:4      | Reached XP level 6. HP: 29/46 MP: 6/6
  3368 | D:4      | Gained mutation: You are very agile. (Dex +8, Str/Int -2)
                  | [hidden potential]
  3368 | D:4      | Lost mutation: You have hidden genetic potential. [hidden
                  | potential expressed]
  3764 | D:4      | Reached skill level 1 in Short Blades
  3836 | D:4      | Reached * piety under Okawaru
  4335 | D:5      | Reached skill level 2 in Short Blades
  4335 | D:5      | Gained mutation: You sometimes gain power by taking damage.
                  | [demonic ancestry]
  4335 | D:5      | Reached XP level 7. HP: 52/52 MP: 7/7
  4406 | D:5      | Noticed Pikel
  4648 | D:5      | HP: 2/52 [Pikel/+0 whip of electrocution (10)]
  4654 | D:5      | HP: 1/52 [lemure[Pikel] (4)]
  4655 | D:5      | Killed Pikel
  4655 | D:5      | Reached ** piety under Okawaru
  4656 | D:5      | Reached skill level 4 in Short Blades
  4656 | D:5      | Gained mutation: You are surrounded by a mild repulsion
                  | field. (EV +2) [demonic ancestry]
  4656 | D:5      | Reached XP level 8. HP: 2/60 MP: 8/8
  5161 | D:5      | Found a runed translucent door.
  5162 | D:5      | Noticed Crazy Yiuf
  5567 | D:5      | Killed Crazy Yiuf
  5752 | D:5      | Reached skill level 5 in Short Blades
  6024 | D:6      | Reached *** piety under Okawaru
  6025 | D:6      | Reached skill level 5 in Armour
  6347 | D:6      | Noticed Eustachio
  6371 | D:6      | Killed Eustachio
  6372 | D:6      | Reached skill level 6 in Short Blades
  6372 | D:6      | Reached XP level 9. HP: 66/66 MP: 9/9
  6512 | D:6      | Reached skill level 1 in Invocations
  6837 | D:6      | Reached skill level 1 in Evocations
  7243 | D:7      | Noticed Dowan
  7245 | D:7      | Noticed Duvessa
  7280 | D:7      | Killed Duvessa
  7287 | D:7      | Killed Dowan
  7671 | D:7      | Found a staircase to the Ecumenical Temple.
  7706 | D:7      | Reached **** piety under Okawaru
  7707 | D:7      | Reached skill level 5 in Fighting
  7812 | D:7      | Reached skill level 7 in Short Blades
  8036 | D:8      | Noticed Joseph
  8053 | D:8      | Killed Joseph
  8208 | D:8      | Found a staircase to the Lair.
  8224 | D:8      | Reached XP level 10. HP: 57/74 MP: 13/13
  8576 | D:9      | Noticed Harold
 10039 | D:9      | Reached skill level 5 in Invocations
 10456 | D:9      | Reached skill level 8 in Short Blades
 10475 | D:9      | Killed Harold
 10475 | D:9      | Reached ***** piety under Okawaru
 11348 | D:10     | Entered Level 10 of the Dungeon
 11681 | D:10     | Noticed Erolcha
 11695 | D:10     | Killed Erolcha
 11768 | D:10     | Slain by a komodo dragon

Illustrated notes

Levels and vault maps discovered:
D:1:      saegor_arrival_simple_d, layout_loops_ring
D:2:      layout_basic, shapermc_ecumenical_altar_notcrosses
D:3:      layout_rooms, mainiacjoe_overflow_surrounded_room,
          general_overflow_altar, minivault_5, hangedman_abyss_or_decor_stabs,
          kennysheep_generic_room_11
D:4:      layout_loops_cross, serial_park_tiny_2
D:5:      layout_basic, uniq_pikel, uniq_crazy_yiuf_cottage
D:6:      layout_rooms, st_stairs_10, uniq_eustachio
D:7:      layout_loops_cross, temple_pool_b, kennysheep_generic_room_8,
          uniq_duvessa
D:8:      layout_cave_pools, lair_entry_dummy, uniq_joseph
D:9:      layout_cave_pods, uniq_harold
D:10:     layout_loops_ring, mainiacjoe_overflow_alcove_3, st_stairs_10,
          uniq_erolcha
D:11:     layout_grid_maze, uniq_psyche

Skill      XL: |  1  2  3  4  5  6  7  8  9 10 |
---------------+-------------------------------+-----
Axes           | 3 4 |  4.8
Dodging        | 3 |  3.5
Armour         | 1 2 4 5 6 7 |  7.3
Throwing       | 2 3 4 |  4.4
Fighting       | 3 4 5 6 |  6.1
Short Blades   | 2 4 6 7 8 |  8.7
Invocations    | 4 6 |  6.3
Evocations     | 2 4 |  4.3
Stealth        | |  0.5

Action                   |  1- 3 |  4- 6 |  7- 9 | 10-12 || total
-------------------------+-------+-------+-------+-------++-------
Melee: War axe           |   145 |       |       |       ||   145
       Rapier            |     3 |    88 |   270 |   226 ||   587
       Tailslap          |     3 |     8 |    52 |    30 ||    93
       Punch             |     1 |       |     6 |     1 ||     8
Throw: Dart              |       |    15 |    15 |       ||    30
Invok: Heroism           |       |       |     2 |     1 ||     3
       Finesse           |       |       |       |     1 ||     1
Evoke: Wand              |       |       |     2 |       ||     2
       Tin of tremorston |       |       |       |     2 ||     2
  Use: Scroll            |     4 |     2 |     7 |     4 ||    17
       Potion            |     2 |       |     3 |     2 ||     7
Armor: Leather armour    |    17 |       |       |       ||    17
       Ring mail         |    23 |       |       |       ||    23
       Plate armour      |    34 |    49 |   161 |    54 ||   298
       Scale mail        |       |       |       |    42 ||    42
Dodge: Dodged            |   124 |    48 |   184 |   200 ||   556

Table legend: (Time is in decaauts)
 A = Elapsed time spent in this place.
 B = Non-inter-level travel time spent in this place.
 C = Inter-level travel time spent in this place.
 D = Time resting spent in this place.
 E = Time spent auto-exploring this place.
 F = Levels seen in this place.
 G = Mean time per level.
                   A        B        C        D        E       F      G
               +--------+--------+--------+--------+--------+-----+--------+
         Total |  11741 |  11498 |    243 |   2597 |   5507 |  11 | 1067.4 |
       Dungeon |  11741 |  11498 |    243 |   2597 |   5507 |  11 | 1067.4 |
               +--------+--------+--------+--------+--------+-----+--------+

Top non-repeatable levels by time:
     D:7: 2253 daAuts
     D:4: 1360 daAuts
     D:6: 1276 daAuts
     D:1: 1234 daAuts
     D:5: 1206 daAuts
     D:8: 1106 daAuts
     D:2: 1065 daAuts
     D:9: 993 daAuts
     D:3: 845 daAuts
    D:10: 397 daAuts
    D:11: 1 daAuts
